 Dungeon Crawl Stone Soup version 0.29.0-15-g675c0067aa (webtiles) character file.

Game seed: 9005751135774375821

96 Bartlander the Firebug (level 4, 0/30 (33) HPs)
             Began as a Draconian Fire Elementalist on Sept 11, 2022.
             Slain by a wight
             ... wielding a +3 dagger
              (6 damage)
             ... on level 6 of the Dungeon.
             The game lasted 00:12:54 (3483 turns).

Bartlander the Firebug (DrFE)                       Turns: 3483, Time: 00:12:55

HP:   0/30 (33)     AC:  6    Str:  6    XL:     4   Next: 41%
MP:   7/7           EV: 12    Int: 17    God:
Gold: 170           SH:  0    Dex: 16    Spells: 1/7 levels left

rFire   . . .      SeeInvis .   i - +9 spear of Quitz {drain, Will+ Str-4 Dex+4}
rCold   . . .      Faith    .   (no shield)
rNeg    . . .      Spirit   .   (body armour unavailable)
rPois   .          Reflect  .   (helmet restricted)
rElec   .          Harm     .   (no cloak)
rCorr   .          Rampage  .   c - +0 pair of gloves
Will    +....                   (no boots)
Stlth   +.........              (no amulet)
HPRegen 0.10/turn               (no ring)
MPRegen 0.10/turn               (no ring)

@: confused, ambrosia-drunk, drained
A: AC +5, unfitting armour, cold-blooded
a: no special abilities


You were on level 6 of the Dungeon.
You visited 1 branch of the dungeon, and saw 6 of its levels.

You collected 170 gold pieces.

Inventory:

Hand Weapons
 b - a +0 dagger of freezing
 i - the +9 spear of Quitz (weapon) {drain, Will+ Str-4 Dex+4}
   (You found it on level 2 of the Dungeon)

   A truly terrible weapon, it drains the life of any living foe it strikes.
   Str:       It affects your strength (-4).
   Dex:       It affects your dexterity (+4).
   Will:      It increases your willpower.
Armour
 c - a +0 pair of gloves (worn)
Scrolls
 g - a scroll of silence
Potions
 a - a potion of magic
 e - 2 potions of resistance
 j - a potion of heal wounds {unknown}
 k - a potion of might {unknown}
 l - a potion of curing {unknown}


   Skills:
 - Level 1.7 Dodging
 - Level 1.7 Stealth
 - Level 2.0 Spellcasting
 + Level 1.3 Conjurations
 + Level 5.1 Fire Magic


You had one spell level left.
You knew the following spells:

 Your Spells              Type           Power      Damage    Failure   Level
a - Foxfire               Conj/Fire      48%        2x1d6     4%          1
b - Scorch                Fire           38%        2d7       3%          2
c - Conjure Flame         Conj/Fire      12%        6-21      16%         3

Your spell library contained the following spells:

 Spells                   Type           Power      Damage    Failure   Level
 Inner Flame              Hex/Fire       10%        N/A       21%         3
 Flame Wave               Conj/Fire      12%        2d6       45%         4
 Hailstorm                Conj/Ice       4%         3d4       82%         4
 Ice Form                 Ice/Tmut       1%         N/A       88%         4
 Simulacrum               Ice/Necr       0%         N/A       100%        6
 Malign Gateway           Summ/Tloc      0%         N/A       100%        7
 Summon Horrible Things   Summ           0%         N/A       100%        8


Dungeon Overview and Level Annotations

Branches:
Dungeon (7/15)
 Temple: D:4-7

Altars:

Annotations:
D:3 3 runed translucent doors, DoubleLucky's ghost, amateur DrFE; wpisznazwe's ghost, amateur MiAK


Innate Abilities, Weirdness & Mutations

Your plain brown scales are hard. (AC +5)
You cannot fit into any form of body armour.
You are cold-blooded and may be slowed by cold attacks.


Message History

The wight's fire resistance burns away.
The wight closely misses you.
Casting: Scorch (safe; 3% risk of failure)
Confirm with . or Enter, or press ? or * to list all spells.
Flames lash the wight.
The wight is heavily damaged.
The wight's fire resistance burns away.
The wight closely misses you.
A rat comes into view.
The wight attacks as you move away! The wight hits you but does no damage.
A rat comes into view.
Found an escape hatch in the floor.
Found a stone staircase leading up.
The wight is no longer more vulnerable to fire.
The wight attacks as you move away! The wight hits you with a +3 dagger.
The wight attacks as you move away! The wight hits you with a +0 flail!
You feel drained.
A wight comes into view. It is wielding a +2 great sword.
The rat attacks as you move away! The rat closely misses you.
The wight attacks as you move away! The wight hits you with a +3 dagger!
* * * LOW HITPOINT WARNING * * *
Okay, then.
Okay, then.
It was a potion of cancellation.
Your magical effects are unravelling.
You feel magically purged.
The sentinel's mark upon you fades away.
The wight is no longer more vulnerable to fire.
The wight hits you with a +3 dagger.
* * * LOW HITPOINT WARNING * * *
Okay, then.
It was a potion of ambrosia.
You are confused.
You feel invigorated. The wight hits you with a +3 dagger.
* * * LOW HITPOINT WARNING * * *
You feel drained.
* * * LOW HITPOINT WARNING * * *
The wight hits you with a +3 dagger.
* * * LOW HITPOINT WARNING * * *
You feel drained.
* * * LOW HITPOINT WARNING * * *
The wight hits you with a +3 dagger.
You die...

... ..... .. ....
....# <.. #..#
....### #.. #..#
......# ##..##r.+
...>..+ ........#
.....#
.......r##.....##
......rzz@......#
..###.F##......#
##..# #######
+z.F##....###
#............
#'####.......
#>..# .......
+.z?..#.......
#.....+.......


You could see a bullfrog, 3 wights and 2 rats.

Vanquished Creatures
  3 gnolls
  2 worms
  2 dart slugs
  3 orcs (D:3)
  5 ball pythons
  4 bats
  7 endoplasms
  A giant cockroach (D:1)
  3 goblins
  5 hobgoblins
  4 quokkas
  4 frilled lizards
  2 kobolds
  7 rats
52 creatures vanquished.

Vanquished Creatures (others)
  64 foxfires
  A plant (D:3)
65 creatures vanquished.

Grand Total: 117 creatures vanquished

Notes
Turn   | Place    | Note
-------+----------+-------------------------------------------
     0 | D:1      | Bartlander the Draconian Fire Elementalist began the quest
                  | for the Orb.
     0 | D:1      | Reached XP level 1. HP: 14/14 MP: 3/3
   461 | D:1      | Reached XP level 2. HP: 20/20 MP: 0/5
   512 | D:1      | Learned a level 2 spell: Scorch
   960 | D:1      | Reached skill level 4 in Fire Magic
  1253 | D:1      | Found a faded altar of an unknown god.
  1459 | D:1      | Reached XP level 3. HP: 26/26 MP: 1/6
  1864 | D:2      | Identified the +9 spear of Quitz {drain, Will+ Str-4 Dex+4}
  2288 | D:3      | Found a runed translucent gate.
  2288 | D:3      | Found a runed translucent gate.
  2289 | D:3      | Found a runed translucent gate.
  2292 | D:3      | Noticed wpisznazwe's ghost (amateur MiAK)
  2292 | D:3      | Noticed DoubleLucky's ghost (amateur DrFE)
  2717 | D:3      | Reached XP level 4. HP: 33/33 MP: 4/7
  2774 | D:3      | Reached skill level 5 in Fire Magic
  3266 | D:4      | Learned a level 3 spell: Conjure Flame
  3284 | D:4      | You fall into a shaft and drop 3 floors!
  3287 | D:7      | Noticed a water moccasin
  3389 | D:7      | Noticed a sky beast
  3471 | D:6      | Noticed a bullfrog
  3482 | D:6      | HP: 1/30 [wight/+3 dagger (1)]
  3483 | D:6      | Slain by a wight

Illustrated notes

Levels and vault maps discovered:
D:1:      evilmike_arrival_plus, layout_basic,
          hellmonk_ecumenical_altar_inner_sanctum
D:2:      layout_rooms
D:3:      layout_basic, gammafunk_ghost_cemetery, minmay_misc_feat_cross,
          guppyfry_early_lair_pool
D:4:      layout_loops_ring, nicolae_ru_path_of_blood,
          minmay_temple_entry_water_ring
D:6:      layout_gridville, portal_sewer_entry_a, minivault_10
D:7:      layout_loops_ring, mainiacjoe_overflow_alcove_2, uniq_pikel

Skill      XL: |  1  2  3  4 |
---------------+-------------+-----
Fire Magic     | 4 5 |  5.1
Dodging        | |  1.7
Stealth        | |  1.7
Spellcasting   | |  2.0
Conjurations   | |  1.3

Action                   |  1- 3 |  4- 6 || total
-------------------------+-------+-------++-------
Melee: Unarmed           |    10 |       ||    10
       Tailslap          |     5 |     2 ||     7
       Dagger            |     7 |       ||     7
       Spear             |    12 |    14 ||    26
 Cast: Foxfire           |    31 |     5 ||    36
       Scorch            |    22 |     6 ||    28
       Conjure Flame     |       |     1 ||     1
  Use: Scroll            |     5 |     3 ||     8
       Potion            |       |     2 ||     2
 Stab: Sleeping          |     1 |     2 ||     3
Armor: Skin              |     7 |     3 ||    10
Dodge: Dodged            |    25 |    12 ||    37
